 Crawl Stoat Soup version 0.23-ish-327-85-gad60674979 (console) character file.

1481 ceb the Purveyor of Pain (level 8, -4/52 HPs)
             Began as a Faerie Dragon Necromancer on Mar 30, 2024.
             Was an Initiate of Kikubaaqudgha.
             Slain by a troll (16 damage)
             ... on level 7 of the Dungeon.
             The game lasted 00:18:29 (6244 turns).

ceb the Purveyor of Pain (FDNe)                     Turns: 6244, Time: 00:18:30

Health: -4/52      AC:  8    Str:  6    XL:     8   Next: 79%
Magic:  10/14 (17) EV: 16    Int: 21    God:    Kikubaaqudgha [......]
Gold:   88         SH:  6    Dex: 13    Spells: 11/19 levels left

rFire    . . .     SeeInvis +   u - +2 whip {slash, rElec} (curse)
rCold    . . .     Gourm    .   (shield restricted)
rNeg     . . .     Faith    .   (armour unavailable)
rPois    .         Spirit   .   w - +0 hat
rElec    +         Warding  .   v - +0 cloak
rCorr    .         Reflect  .   p - +0 pair of gloves
MR       .....     Harm     .   (no boots)
Stlth    +.........             (no amulet)
HPRegen  1.17/turn              o - ring of see invisible
MPRegen  0.15/turn              (no ring)

@: flying, regenerating, 3 MP reserved for charms, 0.08 MP regen used to sustain
charms
A: small, sparkly, unfitting armour, magic attunement, magical scales, able to
fly
a: Stop Flying, Renounce Religion, End Permanent Enchantments


You were on level 7 of the Dungeon.
You worshipped Kikubaaqudgha.
Kikubaaqudgha was noncommittal.
You were not hungry.

You visited 2 branches of the dungeon, and saw 8 of its levels.
You also visited: Sewer.

You collected 246 gold pieces.
You spent 158 gold pieces at shops.

Inventory:

Hand Weapons
 a - a +1 short sword
 j - a +0 falchion
 m - a +0 mace
 u - the cursed +2 whip of the Eight Hells (weapon) {slash, rElec}
   (You found it on level 4 of the Dungeon)

   It inflicts extra damage upon your enemies.
   It insulates you from electricity.
   It has a curse placed upon it.
 y - a +0 trident
 F - a +0 shortbow of flaming
Missiles
 G - 75 arrows
Armour
 p - a +0 pair of gloves (worn)
 v - a +0 cloak (worn)
 w - a +0 hat (worn)
Jewellery
 o - a ring of see invisible (left hand)
Wands
 s - a wand of polymorph (20 charges)
 J - a wand of flame (27 charges)
Scrolls
 d - 5 scrolls of remove curse
 r - 6 scrolls of teleportation
 x - 3 scrolls of fog {unknown}
 z - 5 scrolls of identify
 A - 2 scrolls of amnesia
 B - a scroll of fear {unknown}
 D - a scroll of magic mapping {unknown}
 E - a scroll of enchant weapon
Potions
 b - a potion of brilliance
 e - a potion of resistance {unknown}
 f - 3 potions of flight {unknown}
 g - a potion of lignification {unknown}
 h - a potion of degeneration {unknown}
 i - 6 potions of heal wounds {unknown}
 k - 2 potions of might {unknown}
 l - 2 potions of curing
 q - 3 potions of magic {unknown}
 t - 2 potions of haste
 I - a potion of agility {unknown}
Comestibles
 c - 6 bread rations
 n - 5 meat rations


   Skills:
 + Level 3.2 Fighting
 + Level 6.1 Dodging
 - Level 1.2 Stealth
 + Level 6.2 Spellcasting
 * Level 9.2 Necromancy


You had 11 spell levels left.
You knew the following spells:

 Your Spells              Type           Power        Failure   Level  Hunger
a - Necrotise             Necr           25/25        1%          1    None
b - Vampiric Draining     Necr           45/200       1%          3    None
c - Regeneration          Chrm/Necr      25/200       14%         4    None

Your spell library contained the following spells:

 Spells                   Type           Power        Failure   Level  Hunger
 Animate Dead             Necr           N/A          2%          4    None
 Confusing Touch          Hex            6/50         10%         1    None
 Confuse                  Hex            6/100        28%         3    None
 Gell's Gravitas          Tloc           6/200        28%         3    None
 Petrify                  Tmut/Erth      6/100        67%         4    None
 Metabolic Englaciation   Hex/Ice        6/200        95%         5    None
 Yara's Violent Unravell  Hex/Tmut       6/200        95%         5    None


Dungeon Overview and Level Annotations

Branches:
Dungeon (7/15)             Temple (1/1) D:7

Altars:
Ashenzari
Cheibriados
Dithmenos
Elyvilon
Fedhas
Gozag
Hepliaklqana Ihp'ix
Kikubaaqudgha
Makhleb
Nemelex Xobeh
Okawaru
Qazlal
Ru
Sif Muna
Trog
Uskayaw
Vehumet
Wu Jian
Xom
Yredelemnul
Zin
The Shining One

Shops:
D:6 *


Innate Abilities, Weirdness & Mutations

Your sparkly wings attract attention (Stealth-).
You are small and have problems with some larger weapons.
You cannot fit into any form of body armour.
Your spells do not cause hunger; their MP costs are reduced by 1.
Your shimmering scales repel attacks (AC +6, SH +6).
You can fly continuously.


Message History

Casting: Necrotise (safe; 1% risk of failure)
Confirm with . or Enter, or press ? or * to list all spells.
Aiming: Vampiric Draining (safe; 1% risk of failure)
Press: ? - help, Shift-Dir - straight line, f/p - troll
Aim: a troll (moderately wounded)
The troll is heavily wounded.
You feel life coursing into your body. The troll bites you!
The troll claws you.
* * * LOW HITPOINT WARNING * * *
The troll claws you!
* * * LOW HITPOINT WARNING * * *
Casting: Vampiric Draining (safe; 1% risk of failure)
Confirm with . or Enter, or press ? or * to list all spells.
Aiming: Vampiric Draining (safe; 1% risk of failure)
Press: ? - help, Shift-Dir - straight line, f/p - troll
Aim: a troll (heavily wounded)
The troll is severely wounded.
You feel life coursing into your body. The troll bites you!
You die...
Kikubaaqudgha rasps: "You have failed me!
Welcome... death!"

#..#####......##.#
#..##...##
#..........>####@#
#.......##
##.##########..T.#
##.#.....# #.#
#.#### #.#....##
#.# # #.#######
#.# #........ ..#
######### #.. #.P
#.P


You could see a troll.

Vanquished Creatures
  A hungry ghost (D:7)
  Purgy (Sewer)
  A sky beast (D:7)
  2 centaurs
  A phantom (D:4)
  A bullfrog (D:6)
  A howler monkey (D:6)
  A goliath beetle (D:6)
  A centaur zombie (D:7)
  A bullfrog skeleton (D:5)
  A centaur skeleton (D:7)
  4 hounds
  2 jellies
  4 orc wizards
  Terence (D:2)
  2 worker ants
  A hound zombie (D:5)
  A hound skeleton (D:7)
  6 gnolls
  3 adders
  2 shadow imps (D:5)
  An ooze (D:4)
  An adder skeleton (D:4)
  A worm (D:3)
  6 leopard geckos
  15 orcs
  10 giant cockroaches
  7 goblins
  9 hobgoblins
  11 jackals
  2 weasels
  2 ball pythons
  5 bats
  7 frilled lizards
  4 kobolds
  A leopard gecko skeleton (D:4)
  8 rats
128 creatures vanquished.

Vanquished Creatures (collateral kills)
  Edmund (D:5)
  A jelly (D:5)
  An orc (D:4)
  A weasel (D:5)
  2 bats (D:1)
6 creatures vanquished.

Vanquished Creatures (others)
  2 gnolls (D:5)
  A dart slug (D:3)
3 creatures vanquished.

Grand Total: 137 creatures vanquished

Notes
Turn   | Place    | Note
-------+----------+-------------------------------------------
     0 | D:1      | ceb the Faerie Dragon Necromancer began the quest for the
                  | Orb.
     0 | D:1      | Reached XP level 1. HP: 11/11 MP: 3/3
    14 | D:1      | Reached skill level 5 in Necromancy
    53 | D:1      | Reached XP level 2. HP: 17/17 MP: 5/5
   307 | D:1      | Reached XP level 3. HP: 21/21 MP: 5/7
   875 | D:2      | Noticed Terence
   880 | D:2      | Killed Terence
   880 | D:2      | Reached XP level 4. HP: 27/27 MP: 9/9
   893 | D:2      | Found a glowing golden altar of the Shining One.
   893 | D:2      | Found a three-legged altar of Ihp'ix.
  1164 | D:2      | Found a faded altar of an unknown god.
  1735 | D:3      | Found a sacrificial altar of Ru.
  1738 | D:3      | Found a shattered altar of Ashenzari.
  1738 | D:3      | Found a bloodstained altar of Trog.
  1740 | D:3      | Found a burning altar of Makhleb.
  1740 | D:3      | Found a shimmering altar of Xom.
  1740 | D:3      | Found an ornate altar of the Wu Jian Council.
  2166 | D:3      | Noticed hilarita's ghost (amateur FoHu)
  2171 | D:3      | Witnessed revenge of hilarita's ghost on an orc.
  2207 | D:3      | Found a glowing drain.
  2211 | Sewer    | Entered a sewer
  2251 | Sewer    | Noticed Purgy
  2268 | Sewer    | Killed Purgy
  2268 | Sewer    | Reached skill level 6 in Necromancy
  2268 | Sewer    | Reached XP level 5. HP: 31/31 MP: 9/11
  2629 | D:4      | Got a bloodstained whip
  2630 | D:4      | Identified the cursed +2 whip of the Eight Hells {slash,
                  | rElec} (You found it on level 4 of the Dungeon)
  2688 | D:4      | Reached XP level 6. HP: 25/36 MP: 12/12
  3201 | D:4      | Learned a level 3 spell: Vampiric Draining
  3206 | D:4      | Learned a level 4 spell: Regeneration
  3993 | D:5      | Entered Level 5 of the Dungeon
  4000 | D:5      | Noticed hilarita's ghost (novice CeWn)
  4012 | D:5      | Reached skill level 1 in Fighting
  4012 | D:5      | Reached XP level 7. HP: 43/43 MP: 11/14
  4012 | D:5      | Witnessed revenge of hilarita's ghost on a gnoll.
  4037 | D:5      | Reached skill level 7 in Necromancy
  4147 | D:5      | Reached skill level 5 in Spellcasting
  4225 | D:5      | Reached skill level 5 in Dodging
  4396 | D:5      | Noticed Edmund
  4406 | D:5      | Killed Edmund
  4556 | D:6      | Reached skill level 8 in Necromancy
  4556 | D:6      | Reached XP level 8. HP: 50/50 MP: 13/16
  5237 | D:6      | Found a sparkling altar of Nemelex Xobeh.
  5269 | D:6      | Found Tamac's Assorted Antiques.
  5305 | D:6      | Bought a scroll labeled HOERYN JYEGH for 23 gold pieces
  5305 | D:6      | Bought a white potion for 20 gold pieces
  5305 | D:6      | Bought a scroll of teleportation for 69 gold pieces
  5305 | D:6      | Bought a scroll of identify for 46 gold pieces
  5533 | D:7      | Found a staircase to the Ecumenical Temple.
  5541 | Temple   | Entered the Ecumenical Temple
  5844 | Temple   | Became a worshipper of Kikubaaqudgha
  6015 | D:7      | Reached skill level 9 in Necromancy
  6237 | D:7      | Noticed a troll
  6244 | D:7      | Slain by a troll

Vault maps used:
D:1:      dpeg_arrival_chase
D:2:      gammafunk_temple_overflow_statue, chequers_ecumenical_altar_island,
          uniq_terence
D:3:      gup_sewer_entry_bowl, doesnt_xom_only_xom
D:4:      first_bread, hangedman_decor_clover_reticule
D:5:      uniq_edmund
D:6:      serial_shops, shop, minivault_24, nemelex_lonely_heart_becter
D:7:      minmay_temple_entry_slanted, serial_shops,
          nicolae_shop_overgrown_old_shop, nicolae_tso_carved_into_rock
Temple:   compressed_dpeg_triangle_lava_temple
Sewer:    sewer_co_purgy_island

Skill      XL: |  1  2  3  4  5  6  7  8 |
---------------+-------------------------+-----
Necromancy     | 5 6 8 9 |  9.2
Spellcasting   | 3 4 5 6 |  6.2
Dodging        | 3 4 5 6 |  6.1
Fighting       | 1 2 3 |  3.2
Stealth        | |  1.2

Action                   |  1- 3 |  4- 6 |  7- 9 || total
-------------------------+-------+-------+-------++-------
Melee: Whip              |       |    15 |    71 ||    86
 Cast: Necrotise         |    49 |   113 |   103 ||   265
       * Regeneration    |       |    17 |    23 ||    40
       Vampiric Draining |       |     4 |    11 ||    15
  Use: Scroll            |       |     9 |       ||     9
  Eat: Chunk             |       |     5 |     7 ||    12
       Bread ration      |       |     1 |       ||     1
       Fruit             |       |       |     2 ||     2
Armor: Skin              |     5 |    14 |    23 ||    42
Dodge: Dodged            |     5 |    43 |    82 ||   130
Block: Other             |     2 |    16 |    38 ||    56
* Casting counts for permanent charms are approximate representations of how often the player would have had to cast a non-permanent spell for the same benefits.

Table legend:
 A = Spawn XP
 B = Non-spawn XP
 C = Spawn XP percentage of total XP
 D = Spawn monster count
 E = Non-spawn monster count
 F = Spawn count percentage of total count
 G = Total turns spent on level
                    A         B        C        D         E        F      G
               +---------+---------+-------+---------+---------+-------+---------
         Total |     171 |    1946 |   8.1 |      14 |     121 |  10.4 |  6244
               +---------+---------+-------+---------+---------+-------+---------
           D:1 |       3 |      44 |   6.4 |       2 |      27 |   6.9 |   853
           D:2 |       7 |      48 |  12.7 |       5 |       8 |  38.5 |   783
           D:3 |       1 |      31 |   3.1 |       1 |      14 |   6.7 |   830
           D:4 |      47 |     268 |  14.9 |       3 |      19 |  13.6 |  1417
           D:5 |       3 |     505 |   0.6 |       1 |      23 |   4.2 |   581
           D:6 |     110 |     455 |  19.5 |       2 |      17 |  10.5 |   765
           D:7 |       0 |     459 |   0.0 |       0 |       7 |   0.0 |   442
         Sewer |       0 |     136 |   0.0 |       0 |       6 |   0.0 |   262
               +---------+---------+-------+---------+---------+-------+---------
